 Dungeon Crawl Stone Soup version 0.30-a0-953-g5f1da4a474 (webtiles) character file.

Game seed: 16987319696636901840

94 DeathPants the Shield-Bearer (level 4, -4/23 (24) HPs)
             Began as a Vine Stalker Fighter on Mar 28, 2023.
             Slain by Crazy Yiuf
             ... wielding a +4 quarterstaff of chaos
              (5 damage)
             ... on level 2 of the Dungeon.
             The game lasted 00:05:16 (1426 turns).

DeathPants the Shield-Bearer (Vine Stalker Fighter) Turns: 1426, Time: 00:05:16

HP:   -4/23 (24)    AC:  6    Str: 20    XL:     4   Next: 63%
MP:   0/5           EV:  9    Int:  8    God:
Gold: 142           SH:  5    Dex: 14    Spells: 3/3 levels left

rFire   + . .      SeeInvis .    a - +0 war axe
rCold   + . .      Faith    .    c - +0 buckler
rNeg    . . .      Spirit   +    b - +0 scale mail
rPois   +          Reflect  .    (no helmet)
rElec   +          Rampage  .    (no cloak)
rCorr   +                        (no gloves)
Will    .....                    (no boots) Stlth
                                 (no amulet)
HPRegen 1.03/turn                (no ring)
MPRegen 0.09/turn                (no ring)

@: resistant, lightly drained
A: fangs 2, regeneration 1, magic shield, antimagic bite, no potion heal 2
a: no special abilities


You were on level 2 of the Dungeon.
You visited 1 branch of the dungeon, and saw 3 of its levels.

You collected 142 gold pieces.

Inventory:

Hand Weapons
 a - a +0 war axe (weapon)
Armour
 b - a +0 scale mail (worn)
 c - a +0 buckler (worn)
Scrolls
 e - a scroll of amnesia {unknown}
 g - a scroll of butterflies {unknown}
 h - a scroll of enchant weapon {unknown}
 n - a scroll of fog {unknown}
 o - a scroll of teleportation {unknown}
Potions
 d - a potion of might
 f - a potion of magic {unknown}
 i - a potion of flight {unknown}
 j - a potion of berserk rage {unknown}
 k - 3 potions of degeneration {unknown}
 l - a potion of curing {unknown}
 m - a potion of resistance {unknown}


   Skills:
 + Level 3.2 Fighting
 * Level 3.3 Axes
 - Level 2.4 Armour
 + Level 3.3 Shields


You had 3 spell levels left.
You didn't know any spells.
Your spell library contained the following spells:

 Spells                   Type           Power      Damage    Failure   Level
 Slow                     Hex            0%         N/A       86%         1
 Confusing Touch          Hex            0%         N/A       99%         3
 Vampiric Draining        Necr           0%         2d6       99%         3


Dungeon Overview and Level Annotations

Branches:
Dungeon (3/15)

Altars:

Annotations:
D:2 Crazy Yiuf


Innate Abilities, Weirdness & Mutations

You have extremely sharp teeth.
Your natural rate of healing is unusually fast.
When hurt, damage is shared between your health and your magic reserves.
Your bite disrupts and absorbs the magic of your enemies.
Potions cannot restore your health.


Message History

The hobgoblin is moderately wounded.
The hobgoblin hits you.
The hobgoblin hits you but does no damage.
You slash the hobgoblin!
You kill the hobgoblin!
There is a stone staircase leading up here.
You climb upwards.
There is a stone staircase leading down here.
Found a hammer.
Found a hammer.
Found a hammer.
You see here a +0 hammer.
Found a faintly glowing hammer and a hammer.
Found a runed translucent door.
You see here a +0 hammer.
Crazy Yiuf shouts!
Crazy Yiuf laughs, "Seed!
Prologue tired rumpyflump."
You open the door.
Crazy Yiuf yells, "Proton poople mobile!"
You hit Crazy Yiuf but do no damage.
Crazy Yiuf whimpers, "Prologue!
Sif Muna alas hog."
You block Crazy Yiuf's attack. Crazy Yiuf closely misses you.
You closely miss Crazy Yiuf. You block Crazy Yiuf's attack.
You slash Crazy Yiuf! You bite Crazy Yiuf. You drain his power.
Crazy Yiuf is heavily wounded.
Crazy Yiuf hits you with a +4 quarterstaff of chaos!
You feel protected. Crazy Yiuf barely misses you.
You barely miss Crazy Yiuf.
Crazy Yiuf is heavily wounded.
Crazy Yiuf closely misses you.
You closely miss Crazy Yiuf.
Crazy Yiuf is heavily wounded.
Crazy Yiuf hits you with a +4 quarterstaff of chaos!
You hit Crazy Yiuf. You bite Crazy Yiuf, but do no damage.
Crazy Yiuf is severely wounded.
Crazy Yiuf hits you with a +4 quarterstaff of chaos!
* * * LOW HITPOINT WARNING * * *
You feel drained.
You die...

#.# #.# #.#
#.# #####
#.# #)..#
#.# #...#
).. #g# ♣@♣♣
♣♣.♣ #####
♣.♣♣ ....#
♣♣)♣ ###.#
♣♣)♣♣
#.########
♣♣..)♣
###.##.<...#
♣P..P♣
...........#
#....#
###.##.##.##
##....#


You could see Crazy Yiuf.

Vanquished Creatures
  4 adders (D:2)
  A worm (D:2)
  A dart slug (D:2)
  6 ball pythons
  2 endoplasms (D:1)
  3 giant cockroaches
  3 goblins
  7 hobgoblins
  3 jackals (D:1)
  6 kobolds
  3 quokkas (D:1)
  3 bats
  3 frilled lizards (D:1)
  5 rats
50 creatures vanquished.

Vanquished Creatures (others)
  4 fungi (D:2)
  6 plants (D:2)
10 creatures vanquished.

Grand Total: 60 creatures vanquished

Notes
Turn   | Place    | Note
-------+----------+-------------------------------------------
     0 | D:1      | DeathPants the Vine Stalker Fighter began the quest for the
                  | Orb.
     0 | D:1      | Reached XP level 1. HP: 11/11 MP: 2/2
   136 | D:1      | Reached XP level 2. HP: 13/16 MP: 1/3
   604 | D:1      | Reached XP level 3. HP: 19/19 MP: 4/4
   934 | D:2      | Found a faded altar of an unknown god.
  1013 | D:2      | Gained mutation: Your natural rate of healing is unusually
                  | fast. [Vine Stalker growth]
  1013 | D:2      | Reached XP level 4. HP: 21/24 MP: 3/5
  1416 | D:2      | Found a runed translucent door.
  1417 | D:2      | Noticed Crazy Yiuf
  1426 | D:2      | HP: 1/24 [Crazy Yiuf/+4 quarterstaff of chaos (10)]
  1426 | D:2      | Slain by Crazy Yiuf

Illustrated notes

Levels and vault maps discovered:
D:1:      lightli_arrival_windingriver, layout_loops_ring,
          chequers_serial_rivers_small_b, hangedman_decor_opposing
D:2:      layout_loops_ring, dreamdust_ecumenical_altar_grove,
          minmay_pentomino_o4, uniq_crazy_yiuf_cottage
D:3:      layout_basic, mainiacjoe_overflow_paths, minmay_misc_feat_chi

Skill      XL: |  1  2  3 |
---------------+----------+-----
Axes           | 2 3 |  3.3
Fighting       | 3 |  3.2
Shields        | 3 |  3.3
Armour         | |  2.4

Action                     |  1- 3 |  4- 6 || total
---------------------------+-------+-------++-------
  Melee: War axe           |    75 |    40 ||   115
         Bite              |     8 |     9 ||    17
 Armour: Scale mail        |    32 |    17 ||    49
  Dodge: Dodged            |    32 |    19 ||    51
  Block: Buckler           |    23 |    10 ||    33

Table legend: (Time is in decaauts)
 A = Elapsed time spent in this place.
 B = Non-inter-level travel time spent in this place.
 C = Inter-level travel time spent in this place.
 D = Time resting spent in this place.
 E = Time spent auto-exploring this place.
 F = Levels seen in this place.
 G = Mean time per level.
                   A        B        C        D        E       F      G
               +--------+--------+--------+--------+--------+-----+--------+
         Total |   1474 |   1460 |     14 |      0 |    939 |   3 |  491.3 |
       Dungeon |   1474 |   1460 |     14 |      0 |    939 |   3 |  491.3 |
               +--------+--------+--------+--------+--------+-----+--------+

Top non-repeatable levels by time:
     D:1: 919 daAuts
     D:2: 533 daAuts
     D:3: 21 daAuts
